 Seeded DCSS version 0.28.0-43-g3370ac3207 (webtiles) character file.

Game seed: 7121082916606783627 (custom seed)

51 gzilladon the Chopper (level 3, -6/33 HPs)
             Began as a Hill Orc Monk on Mar 30, 2022.
             Was a Believer of Beogh.
             Mangled by an ice beast (13 damage)
             ... on level 2 of the Dungeon.
             The game lasted 00:04:33 (1752 turns).

gzilladon the Chopper (Hill Orc Monk)               Turns: 1752, Time: 00:04:35

Health: -6/33      AC:  8    Str: 15    XL:     3   Next: 81%
Magic:  3/3        EV:  7    Int: 10    God:    Beogh [**....]
Gold:   96         SH:  0    Dex: 13    Spells: 2/2 levels left

rFire   . . .      SeeInvis +   a - +0 hand axe
rCold   . . .      Faith    .   (no shield)
rNeg    . . .      Spirit   .   g - +0 chain mail
rPois   .          Reflect  .   (no helmet)
rElec   .          Harm     .   (no cloak)
rCorr   .          Rampage  .   (no gloves)
Will    .....                   (no boots)
Stlth   ..........              (no amulet)
HPRegen 0.11/turn               d - ring of see invisible
MPRegen 0.08/turn               (no ring)

@: no status effects
A: no striking features
a: Renounce Religion, Smiting


You were on level 2 of the Dungeon.
You worshipped Beogh.
Beogh was pleased with you.
You visited 1 branch of the dungeon, and saw 3 of its levels.

You collected 96 gold pieces.

Inventory:

Hand Weapons
 a - a +0 hand axe (weapon)
Missiles
 i - 5 poisoned darts (quivered)
Armour
 b - a +0 robe
 c - a +0 leather armour
 g - a +0 chain mail (worn)
Jewellery
 d - a ring of see invisible (left hand)
Scrolls
 e - 3 scrolls of identify {unknown}
 f - 2 scrolls of immolation {unknown}
 h - a scroll of blinking {unknown}
 j - a scroll of teleportation {unknown}
 l - a scroll of torment {unknown}
Potions
 k - a potion of attraction {unknown}
 m - a potion of curing {unknown}


   Skills:
 + Level 4.0 Fighting
 * Level 5.1 Axes
 + Level 1.0 Armour
 + Level 2.7 Dodging
 - Level 1.5 Stealth


You had 2 spell levels left.
You didn't know any spells.
Your spell library was empty.

Dungeon Overview and Level Annotations

Branches:
Dungeon (3/15)

Altars:


Message History

There is an open door here.
The ice beast hits you but does no damage.
The goblin hits you but does no damage. The ice beast hits you.
The ice beast freezes you!
There is a stone staircase leading up, spattered with blood here.
The ice beast hits you but does no damage.
You climb upwards.
There is a stone staircase leading down here.
Things that are here:
2 stones; a +0 dagger; a kobold skeleton The ice beast hits you.
The ice beast freezes you!
* * * LOW HITPOINT WARNING * * *
The ice beast barely misses you.
Things that are here:
2 stones; a +0 dagger; a kobold skeleton
There is a stone staircase leading up here.
A hobgoblin comes into view.
The hobgoblin shouts!
The hobgoblin moves out of view.
The hobgoblin hits you but does no damage.
You barely miss the hobgoblin. You barely miss the ice beast.
The hobgoblin hits you but does no damage.
The ice beast hits you but does no damage.
You completely miss the hobgoblin. You hit the ice beast but do no damage.
The hobgoblin barely misses you.
The ice beast hits you but does no damage.
You barely miss the hobgoblin. You closely miss the ice beast.
The hobgoblin barely misses you.
The ice beast hits you but does no damage.
You closely miss the hobgoblin. You closely miss the ice beast.
The hobgoblin hits you but does no damage.
The ice beast hits you but does no damage.
You hit the hobgoblin.
The hobgoblin is heavily wounded.
You hit the ice beast but do no damage.
The hobgoblin hits you but does no damage.
The ice beast hits you.
* * * LOW HITPOINT WARNING * * *
The ice beast freezes you!
You die...

..... ..... ....## #### #######
.....# ##...# ######......
.....###### #..#.#####...........
.....$....# #.##.#... ##.##<....
..........###...(..##............
...<..........##.................
...(.......>...Y@g.....#..#....†.
.#...........#..###....#....##...
...............<# ............
.#...........#..# #....#######
...........###.... .....
<.....###..# ...... $#
..##....#........##
..##..#.#...#....#
...........##..#


You could see an ice beast and a hobgoblin.

Vanquished Creatures
  An adder (D:2)
  2 worms (D:2)
  An orc (D:2)
  4 ball pythons
  3 endoplasms
  A giant cockroach (D:1)
  4 goblins
  3 hobgoblins
  6 quokkas
  A bat (D:1)
  A frilled lizard (D:3)
  2 kobolds
  A rat (D:1)
30 creatures vanquished.

Vanquished Creatures (others)
  An orc (D:3)
  7 toadstools (D:3)
8 creatures vanquished.

Grand Total: 38 creatures vanquished

Notes
Turn   | Place    | Note
-------+----------+-------------------------------------------
     0 | D:1      | gzilladon the Hill Orc Monk began the quest for the Orb.
     0 | D:1      | Reached XP level 1. HP: 19/19 MP: 1/1
   161 | D:3      | Noticed an orc priest
   161 | D:3      | Noticed an orc priest
   161 | D:3      | Noticed an orc priest
   162 | D:3      | Became a worshipper of Beogh the Brigand
   162 | D:3      | Reached * piety under Beogh
   162 | D:3      | Reached ** piety under Beogh
   224 | D:2      | Reached XP level 2. HP: 16/27 MP: 2/2
   994 | D:2      | Reached XP level 3. HP: 29/33 MP: 3/3
  1403 | D:2      | Reached skill level 5 in Axes
  1407 | D:2      | Reached skill level 1 in Armour
  1668 | D:3      | Noticed an ice beast
  1752 | D:2      | Mangled by an ice beast

Illustrated notes

Levels and vault maps discovered:
D:1:      minmay_arrival_plants_in_alcoves, layout_rooms, serial_shops, shop,
          chequers_serial_rivers_large_b
D:2:      layout_rooms, hellmonk_ecumenical_altar_leap_of_faith,
          minmay_door_square, nicolae_concentric_dashed_squares_mild
D:3:      cheibrodos_fertilizer, layout_basic, lemuel_tele_altar,
          lemuel_zombie_altar_yredelemnul, serial_shops,
          nicolae_shop_behind_doors, serial_rivers,
          chequers_serial_rivers_small_a, chequers_serial_rivers_micro_c,
          chequers_serial_rivers_room_a, chequers_serial_rivers_micro_e,
          chequers_serial_rivers_small_a, kennysheep_generic_room_9

Skill      XL: |  1  2  3 |
---------------+----------+-----
Fighting       | 4 |  4.0
Axes           | 5 |  5.1
Armour         | 1 |  1.0
Dodging        | |  2.7
Stealth        | |  1.5

Action                   || total
-------------------------++-------
Melee: Hand axe          ||   111
       Punch             ||     1
Invok: Convert to Beogh  ||     1
Armor: Leather armour    ||     9
       Chain mail        ||    54
Dodge: Dodged            ||    71
